 Dungeon Crawl Stone Soup version 0.29.1-15-g9cfb28693d (console) character file.

Game seed: 14330758847697520583

6118 utis the Destroyer (level 10, 0/60 HPs)
             Began as a Tengu Wanderer on Apr 8, 2023.
             Slain by a hornet (13 damage)
             ... on level 9 of the Dungeon.
             The game lasted 01:01:17 (18258 turns).

utis the Destroyer (Tengu Wanderer)                Turns: 18258, Time: 01:01:17

Health: 0/60       AC: 13    Str: 11    XL:     10   Next: 89%
Magic:  7/15       EV: 13    Int: 17    God:
Gold:   627        SH:  0    Dex: 15    Spells: 3/15 levels left

rFire   . . .      SeeInvis .   p - +1 halberd
rCold   . . .      Faith    .   (shield currently unavailable)
rNeg    . . .      Spirit   .   R - +0 scale mail
rPois   .          Reflect  .   (helmet restricted)
rElec   .          Harm     .   A - +0 cloak
rCorr   .          Rampage  .   b - +1 pair of gloves
Will    +....                   (boots unavailable)
Stlth   ..........              x - amulet of regeneration
HPRegen 1.00/turn               e - ring of willpower
MPRegen 0.14/turn               N - +4 ring of protection

@: flying quickly and evasively, slowed, very slow
A: beak, talons 3, nimble flight
a: no special abilities


You were on level 9 of the Dungeon.
You visited 1 branch of the dungeon, and saw 9 of its levels.
You also visited: Bailey.

You collected 627 gold pieces.

Inventory:

Hand Weapons
 a - a +2 quarterstaff
 d - a +0 glaive
 g - a +3 flail of holy wrath
 p - a +1 halberd (weapon)
 B - a +0 bardiche
 H - a +4 trident
 L - a +0 flail of draining
 T - a +2 dagger of venom
Missiles
 q - 4 throwing nets
Armour
 b - a +1 pair of gloves (worn)
 u - a +0 chain mail
 A - a +0 cloak (worn)
 Q - +0 steam dragon scales
 R - a +0 scale mail (worn)
Magical Staves
 l - a staff of cold
Jewellery
 e - a ring of willpower (left hand)
 o - the ring of Incredulity {rC+ Dex+3}
   (You took it off a gnoll sergeant in a bailey)

   [ring of protection from cold]

   Dex:       It affects your dexterity (+3).
   rC:        It protects you from cold.
 x - an amulet of regeneration (around neck)
 J - a ring of resist corrosion
 N - a +4 ring of protection (right hand)
 S - a ring of see invisible
Wands
 y - a wand of polymorph (2)
 I - a wand of flame (11)
 M - a wand of paralysis (8)
 O - a wand of light (5)
Scrolls
 f - a scroll of enchant weapon
 k - a scroll of vulnerability
 v - 3 scrolls of teleportation
 z - 2 scrolls of enchant armour
 C - 2 scrolls of noise
 D - 4 scrolls of poison
 E - a scroll of fear {unknown}
 G - a scroll of immolation {unknown}
 P - a scroll of butterflies {unknown}
Potions
 c - 3 potions of might
 h - 2 potions of berserk rage
 i - 4 potions of cancellation
 m - 4 potions of brilliance
 n - 5 potions of curing
 r - 2 potions of lignification
 s - 2 potions of attraction {unknown}
 w - a potion of haste
 F - a potion of ambrosia {unknown}
 K - a potion of degeneration {unknown}


   Skills:
 + Level 6.2 Fighting
 * Level 7.1(7.7) Polearms
 - Level 4.3(6.3) Staves
 - Level 1.1 Armour
 + Level 6.8 Dodging
 - Level 1.0 Stealth
 - Level 3.0 Spellcasting
 + Level 9.1 Conjurations
 + Level 7.0 Fire Magic
 + Level 6.0 Air Magic
 - Level 3.0 Poison Magic
 - Level 1.0 Evocations


You had 3 spell levels left.
You knew the following spells:

 Your Spells              Type           Power      Damage    Failure   Level
a - Magic Dart            Conj           100%       1d8       2%          1
b - Poisonous Vapours     Pois/Air       34%        N/A       24%         2
c - Conjure Flame         Conj/Fire      30%        6-21      11%         3
d - Sticky Flame          Conj/Fire      30%        2d5       36%         4
e - Static Discharge      Conj/Air       28%        3-7/arc   7%          2

Your spell library contained the following spells:

 Spells                   Type           Power      Damage    Failure   Level
 Sting                    Tmut/Pois      28%        1d4       50%         1
 Olgreb's Toxic Radiance  Pois           12%        N/A       96%         4
 Dispel Undead            Necr           2%         3d7       100%        4
 Petrify                  Tmut/Erth      2%         N/A       100%        4
 Metabolic Englaciation   Hex/Ice        1%         N/A       100%        5
 Statue Form              Tmut/Erth      1%         N/A       100%        6


Dungeon Overview and Level Annotations

Branches:
Dungeon (9/15)             Temple (0/1) D:6            Lair (0/5) D:8
    Orc (0/2) D:9          Bailey (visited)

Altars:
Dithmenos
Elyvilon
Gozag
Kikubaaqudgha
Makhleb
Ru
Uskayaw
Wu Jian
Xom
Yredelemnul
The Shining One


Innate Abilities, Weirdness & Mutations

You have a beak for a mouth.
You have claws for feet.
Your magical nature lets you fly swiftly and evasively.


Message History

You feel as though you will be slow longer.
You feel sick.
The hornet stings you but does no damage.
The hornet closely misses you. The hornet attacks as you move away!
The hornet misses you.
You feel sick. The hornet barely misses you.
The hornet stings you but does no damage.
Your magical contamination has completely faded away.
You feel sick. The hornet misses you. The hornet closely misses you.
You feel sick.
The hornet stings you but does no damage.
The hornet barely misses you. The hornet attacks as you move away!
The hornet closely misses you.
You feel sick.
You are no longer poisoned.
The hornet stings you but does no damage.
The hornet closely misses you.
You kill the hornet!
The hornet stings you but does no damage.
The hornet attacks as you move away!
The hornet stings you but does no damage.
The hornet stings you.
* * * LOW HITPOINT WARNING * * *
You feel as though you will be slow longer.
The hornet attacks as you move away! The hornet barely misses you.
The hornet stings you but does no damage.
Casting: Poisonous Vapours (dangerous; 24% risk of failure)
Confirm with . or Enter, or press ? or * to list all spells.
Aiming: Poisonous Vapours (dangerous; 24% risk of failure)
Press: ? - help, Dir - move target, f - hornet
Aim: a hornet (moderately wounded) Poisonous vapours surround the hornet!
The hornet is poisoned.
The hornet stings you but does no damage. x2
Unknown command.
Casting: Poisonous Vapours (dangerous; 24% risk of failure)
Confirm with . or Enter, or press ? or * to list all spells.
Aiming: Poisonous Vapours (dangerous; 24% risk of failure)
Press: ? - help, Dir - move target, f/p - hornet
Aim: a hornet (moderately wounded, poisoned) Poisonous vapours surround the hornet!
The hornet looks even sicker.
The hornet stings you!
You die...

░░░░░░░░░ *,
░.......░ *,
░.......░ ****,
░.......░ *,,,,
░.......░ *,,..
░.....>.░ *,,.,
░.......░ *,.,,
░<......░░░░░░ *.░*,
░...@y..░░...░░░░.░*,
░.................░,.
░[................░,.
░.................░,,
░░░░░░░░░░...░░...░░░
*,,,,,,,*░...░*...░░.
*,,,,,,,...........░.
*,,,,,.............░.
*,,,,.>............░.


You could see a hornet (very poisoned).

Vanquished Creatures
  Grinder (D:4)
  A hornet (D:9)
  2 wyverns
  A steam dragon (D:6)
  2 water moccasins
  2 orc warriors
  A sky beast (D:6)
  2 ogres
  A black bear (D:7)
  6 wolves (Bailey)
  A centaur (D:9)
  3 phantoms
  4 scorpions
  A necrophage (D:3)
  10 gnoll sergeants
  8 wights
  14 killer bees
  5 howler monkeys
  A bullfrog zombie (D:5)
  7 gnoll boudas (Bailey)
  6 hounds
  6 orc priests
  3 iguanas
  Natasha (thrice) (D:3)
  4 orc wizards
  Robin (D:2)
  50 gnolls
  5 adders
  A shadow imp (D:6)
  3 white imps
  An ufetubus (D:6)
  An adder zombie (D:5)
  A worm (D:2)
  3 dart slugs
  66 orcs
  7 bats
  5 endoplasms
  2 giant cockroaches
  13 goblins
  11 hobgoblins
  15 jackals (D:3)
  4 quokkas
  11 ball pythons
  3 frilled lizards (D:1)
  4 kobolds
  4 rats
306 creatures vanquished.

Vanquished Creatures (others)
  3 plants (D:3)
3 creatures vanquished.

Grand Total: 309 creatures vanquished

Notes
Turn   | Place    | Note
-------+----------+-------------------------------------------
     0 | D:1      | utis the Tengu Wanderer began the quest for the Orb.
     0 | D:1      | utis set off with the following items: a +2 quarterstaff, a
                  | +0 pair of gloves, a potion of might, a +0 robe; and the
                  | following spell memorised: Magic Dart; and the following
                  | spells available to memorise: Conjure Flame.
     0 | D:1      | Reached XP level 1. HP: 12/12 MP: 3/3
   180 | D:1      | Reached skill level 2 in Conjurations
   243 | D:1      | Reached XP level 2. HP: 16/16 MP: 0/4
   485 | D:1      | Found a faded altar of an unknown god.
   744 | D:1      | Reached skill level 1 in Dodging
   855 | D:1      | Reached XP level 3. HP: 20/20 MP: 3/5
   929 | D:1      | Reached skill level 3 in Conjurations
  2073 | D:2      | Reached XP level 4. HP: 26/26 MP: 4/6
  2660 | D:2      | Noticed Robin
  2673 | D:2      | Killed Robin
  2674 | D:2      | Reached skill level 4 in Conjurations
  2998 | D:3      | Found a shimmering altar of Xom.
  3120 | D:3      | Learned a level 2 spell: Poisonous Vapours
  3147 | D:3      | Noticed Natasha
  3160 | D:3      | Killed Natasha
  3161 | D:3      | Reached skill level 1 in Air Magic
  3161 | D:3      | Reached skill level 1 in Poison Magic
  3161 | D:3      | Gained mutation: Your magical nature lets you fly swiftly
                  | and evasively. [Tengu growth]
  3161 | D:3      | Reached XP level 5. HP: 24/30 MP: 7/7
  4062 | D:3      | Learned a level 3 spell: Conjure Flame
  4327 | D:3      | Noticed Natasha
  4503 | D:3      | Reached skill level 1 in Fire Magic
  4588 | D:3      | Killed Natasha
  4589 | D:3      | Reached XP level 6. HP: 7/35 MP: 4/8
  6133 | D:3      | Noticed Natasha
  6139 | D:3      | Killed Natasha
  6140 | D:3      | Reached skill level 5 in Conjurations
  6221 | D:3      | Reached XP level 7. HP: 40/40 MP: 9/9
  6453 | D:3      | Reached skill level 1 in Polearms
  7336 | D:4      | Noticed Grinder
  7453 | D:4      | Paralysed by Grinder for 3 turns
  7458 | D:4      | Paralysed by Grinder for 4 turns
  7468 | D:4      | Killed Grinder
  7469 | D:4      | Reached XP level 8. HP: 39/48 MP: 8/10
  8191 | D:5      | Entered Level 5 of the Dungeon
  9181 | D:5      | Reached skill level 5 in Air Magic
  9352 | D:5      | Found a burning altar of Makhleb.
  9352 | D:5      | Noticed a balrug
  9478 | D:5      | Learned a level 4 spell: Sticky Flame
  9481 | D:5      | Learned a level 2 spell: Static Discharge
  9758 | D:5      | Reached XP level 9. HP: 42/52 MP: 2/14
 10160 | D:5      | Found a basalt altar of Yredelemnul.
 10485 | D:6      | Reached skill level 6 in Conjurations
 10539 | D:6      | Found a staircase to the Ecumenical Temple.
 10639 | D:6      | You are sucked into a shaft and drop 1 floor!
 11357 | D:7      | Reached skill level 7 in Conjurations
 11357 | D:7      | Reached skill level 5 in Fire Magic
 11357 | D:7      | Reached skill level 5 in Fighting
 11390 | D:7      | Found a white marble altar of Elyvilon.
 11706 | D:7      | Reached skill level 5 in Dodging
 11958 | D:6      | Found an opulent altar of Gozag.
 13123 | D:7      | Found an ornate altar of the Wu Jian Council.
 13428 | D:8      | Reached skill level 8 in Conjurations
 13588 | D:8      | Reached XP level 10. HP: 59/59 MP: 12/15
 13961 | D:8      | Reached skill level 5 in Polearms
 14201 | D:8      | Found a shadowy altar of Dithmenos.
 14202 | D:8      | Found an ancient bone altar of Kikubaaqudgha.
 14204 | D:8      | Found a sacrificial altar of Ru.
 14206 | D:8      | Found a hide-covered altar of Uskayaw.
 14241 | D:8      | Found a glowing golden altar of the Shining One.
 14245 | D:8      | Found a staircase to the Lair.
 14807 | D:9      | Found a flagged portal.
 14857 | Bailey   | Entered a bailey
 16313 | Bailey   | Identified the ring of Incredulity {rC+ Dex+3}
 17877 | D:9      | Reached skill level 9 in Conjurations
 17907 | D:9      | Noticed a cyclops
 18258 | D:9      | Slain by a hornet

Illustrated notes

Levels and vault maps discovered:
D:1:      amcnicky_arrival_flooded_fountain, layout_rooms,
          hellmonk_ecumenical_altar_inner_sanctum, st_stairs_14
D:2:      layout_basic, nicolae_figureground_pulse, uniq_robin
D:3:      lemuel_castle_with_subvaults [lemuel_castle_interior_carwin_1],
          layout_rooms, mainiacjoe_overflow_boulevard, uniq_natasha
D:4:      cheibrodos_pilgrimage, layout_basic, uniq_grinder
D:5:      layout_basic, lemuel_zombie_altar_yredelemnul,
          makhleb_altar_promises_db
D:6:      layout_gridville, grunt_gozag_statues, minmay_temple_entry_grid,
          minivault_19, hangedman_decor_peaks_small, chequers_arboretum
D:7:      layout_gridville, pdpol_wu_jian_five_deadly_venoms,
          kennysheep_mini_moat
D:8:      layout_cave_pods, grunt_temple_overflow_open, lair_entry_dummy
D:9:      layout_gridville, erik_orc_1, enter_bailey_8, hive_lemuel

Skill      XL: |  1  2  3  4  5  6  7  8  9 10 |
---------------+-------------------------------+-----
Conjurations   | 2 3 4 5 8 9 |  9.1
Dodging        | 1 2 4 5 6 |  6.8
Fighting       | 2 3 4 5 6 |  6.2
Air Magic      | 1 3 4 5 6 |  6.0
Poison Magic   | 1 2 3 |  3.0
Fire Magic     | 2 3 6 7 |  7.0
Polearms       | 3 4 7 |  7.1
Spellcasting   | 3 |  3.0
Staves         | |  4.3
Armour         | |  1.1
Stealth        | |  1.0
Evocations     | |  1.0

Action                   |  1- 3 |  4- 6 |  7- 9 | 10-12 || total
-------------------------+-------+-------+-------+-------++-------
Melee: Quarterstaff      |    20 |   118 |   176 |       ||   314
       Kick              |     5 |    22 |    70 |    38 ||   135
       Peck              |     1 |    12 |    42 |    24 ||    79
       Unarmed           |       |       |    10 |       ||    10
       Trident           |       |       |   114 |   171 ||   285
       Flail             |       |       |    15 |       ||    15
       Punch             |       |       |     2 |       ||     2
       Halberd           |       |       |       |    31 ||    31
 Cast: Magic Dart        |    71 |    64 |     8 |     1 ||   144
       Poisonous Vapours |       |    29 |   124 |   146 ||   299
       Conjure Flame     |       |     1 |     8 |     6 ||    15
       Static Discharge  |       |       |     1 |     2 ||     3
  Use: Scroll            |       |       |    10 |     5 ||    15
       Potion            |       |       |       |     4 ||     4
Armor: Robe              |     4 |    23 |       |       ||    27
       Ring mail         |       |       |    69 |       ||    69
       Skin              |       |       |     3 |       ||     3
       Scale mail        |       |       |    10 |    78 ||    88
Dodge: Dodged            |    11 |    85 |   162 |   142 ||   400
